 Dungeon Crawl Stone Soup version 0.27.1-34-g3ba077fa99 (webtiles) character file.

Game seed: 3626877668422191550

62 Flarelocke the Slasher (level 3, -1/36 HPs)
             Began as a Troll Monk on Jan 3, 2022.
             Slain by an orc (4 damage)
             ... on level 2 of the Dungeon.
             The game lasted 00:02:24 (791 turns).

Flarelocke the Slasher (Troll Monk)                  Turns: 791, Time: 00:02:24

Health: -1/36      AC:  4    Str: 20    XL:     3   Next: 85%
Magic:  0/2        EV: 10    Int:  6    God:
Gold:   44         SH:  0    Dex: 12    Spells: 2/2 levels left

rFire    . . .     SeeInvis .   a - +0 falchion
rCold    . . .     Faith    .   (no shield)
rNeg     . . .     Spirit   +   b - +0 robe
rPois    .         Reflect  .   (helmet restricted)
rElec    .         Harm     .   (no cloak)
rCorr    .         Rampage  .   (gloves unavailable)
Will     .....                  (boots unavailable)
Stlth    ++........             h - amulet of guardian spirit
HPRegen  1.12/turn              (no ring)
MPRegen  0.08/turn              (no ring)

@: no status effects
A: large, unfitting armour, claws 3, regeneration 1, shaggy fur 1, tough skin 1
a: no special abilities


You were on level 2 of the Dungeon.
You visited 1 branch of the dungeon, and saw 2 of its levels.

You collected 44 gold pieces.

Inventory:

Hand Weapons
 a - a +0 falchion (weapon)
Armour
 b - a +0 robe (worn)
Jewellery
 f - a ring of fire
 h - an amulet of guardian spirit (around neck)
Scrolls
 d - a scroll of amnesia {unknown}
 e - 2 scrolls of identify {unknown}
 g - a scroll of immolation {unknown}
 i - a scroll of teleportation {unknown}
Potions
 c - a potion of haste {unknown}


   Skills:
 + Level 2.9 Fighting
 * Level 3.3 Long Blades
 + Level 2.9 Dodging
 - Level 1.0 Stealth


You had 2 spell levels left.
You didn't know any spells.
Your spell library was empty.

Dungeon Overview and Level Annotations

Branches:
Dungeon (2/15)

Altars:


Innate Abilities, Weirdness & Mutations

You are too large for most types of armour.
You have claws for hands.
Your natural rate of healing is unusually fast.
You are covered in fur. (AC +1)
You have tough skin. (AC +1)


Message History

* * * LOW HITPOINT WARNING * * *
You hit the orc.
The orc is severely wounded.
The orc hits you but does no damage.
The orc priest calls upon Beogh to heal the orc.
The orc's wounds heal themselves!
You hit the orc.
The orc is lightly wounded.
The orc barely misses you.
You closely miss the orc.
The orc is lightly wounded.
The orc hits you but does no damage.
You closely miss the orc.
The orc is lightly wounded.
The orc hits you with a +0 club.
You completely miss the orc.
The orc is lightly wounded.
The orc hits you but does no damage. x2
You closely miss the orc. The orc misses you.
You riposte.
You barely miss the orc. You hit the orc.
The orc is moderately wounded.
The orc closely misses you.
You slash the orc!
You kill the orc!
You barely miss the orc. The orc hits you with a +0 club.
You hit the orc but do no damage.
The orc priest calls down the wrath of Beogh upon you.
Beogh smites you!
* * * LOW HITPOINT WARNING * * *
The orc hits you with a +0 club.
* * * LOW HITPOINT WARNING * * *
You hit the orc.
The orc is lightly wounded.
The orc hits you with a +0 club.
* * * LOW HITPOINT WARNING * * *
You barely miss the orc.
The orc is lightly wounded.
The orc hits you with a +0 club.
You die...

.# .# .#####
###########).....
..............###
#o...........#
#o#.......#..#
#@#.8...8.#..#
#.#oo.....#..#
#.#.......#..# ##
#.#.......#..# ##.
#.#.8...8.#..###..
#.#.......#.......
#.##.....##..###..
#.###$⌠$###..# ##.
#..#######...# ##


You could see an orc priest and an orc.

Vanquished Creatures
  An orc priest (D:2)
  A dart slug (D:1)
  2 orcs (D:2)
  4 ball pythons (D:1)
  3 bats (D:1)
  An endoplasm (D:1)
  A giant cockroach (D:1)
  3 goblins (D:1)
  3 hobgoblins (D:1)
  4 quokkas
  2 kobolds (D:1)
  A rat (D:2)
26 creatures vanquished.

Notes
Turn   | Place    | Note
-------+----------+-------------------------------------------
     0 | D:1      | Flarelocke the Troll Monk began the quest for the Orb.
     0 | D:1      | Reached XP level 1. HP: 22/22 MP: 0/0
    83 | D:1      | Reached XP level 2. HP: 29/29 MP: 1/1
   331 | D:1      | Found a faded altar of an unknown god.
   445 | D:1      | Reached skill level 3 in Long Blades
   679 | D:2      | Reached XP level 3. HP: 30/36 MP: 2/2
   791 | D:2      | Slain by an orc

Illustrated notes

Levels and vault maps discovered:
D:1:      dpeg_arrival_castle, layout_rooms,
          shapermc_ecumenical_altar_mp_highgroup, dk_noncrumbling_2,
          minmay_crystal_room, hangedman_glass_teeth, due_unseen_surprise
D:2:      cheibrodos_pilgrimage, layout_loops_ring, basic_altar

Skill      XL: |  1  2 |
---------------+-------+-----
Long Blades    | 3 |  3.3
Fighting       | |  2.9
Dodging        | |  2.9
Stealth        | |  1.0

Action                   || total
-------------------------++-------
Melee: Falchion          ||   100
Armor: Robe              ||    38
Dodge: Dodged            ||    58
       Rpst.: Falchion   ||    14
